 Dungeon Crawl Stone Soup version 0.31-a0-1068-g5939ac1fb6 (webtiles) character file.

Game seed: 1422289613166864847

137 Dirtsage the Slasher (level 5, 27/41 HPs)
             Began as a Demonspawn Monk on Nov 24, 2023.
             Quit the game on level 4 of the Dungeon.
             The game lasted 00:05:39 (2348 turns).

Dirtsage the Slasher (Demonspawn Monk)              Turns: 2348, Time: 00:05:40

Health: 27/41      AC:  8    Str: 11    XL:     5   Next: 0%
Magic:  5/5        EV:  9    Int: 11    God:
Gold:   79         SH:  0    Dex: 18    Spells: 4/4 levels left

rFire   . . .        r - +0 long sword
rCold   . . .        d - orb {light}
rNeg    . . .        p - +0 scale mail
rPois   .            o - +0 helmet
rElec   .            (no cloak)
rCorr   .            t - +0 pair of gloves
SInv    .            (no boots)
Will    .....        (no amulet) Stlth
                     (no ring)
HPRegen 0.26/turn    (no ring)
MPRegen 0.09/turn

%: no passive effects
@: glowing
A: demonic guardian 1, powered by pain 1, weakness stinger 1
a: no special abilities


You were on level 4 of the Dungeon.
You visited 1 branch of the dungeon, and saw 4 of its levels.

You collected 79 gold pieces.

Inventory:

Hand Weapons
 a - a +0 falchion
 r - a +0 long sword (weapon)
Armour
 b - a +0 robe
 d - an orb of light (worn)
 o - a +0 helmet (worn)
 p - a +0 scale mail (worn)
 t - a +0 pair of gloves (worn)
Jewellery
 h - a ring of ice
 F - a ring of protection from fire
Scrolls
 e - a scroll of amnesia {unknown}
 i - a scroll of poison {unknown}
 j - 2 scrolls of identify {unknown}
 q - a scroll of blinking {unknown}
 s - a scroll of immolation {unknown}
Potions
 c - a potion of ambrosia
 f - a potion of mutation {unknown}
 g - a potion of curing {unknown}
 k - a potion of enlightenment {unknown}
 l - a potion of lignification {unknown}
 m - a potion of berserk rage {unknown}
 n - a potion of cancellation {unknown}
 u - a potion of might {unknown}
 v - a potion of magic {unknown}


   Skills:
 - Level 3.0 Fighting
 + Level 5.2 Long Blades
 - Level 2.6 Dodging


You had 4 spell levels left.
You didn't know any spells.
Your spell library contained the following spells:

 Spells                   Type           Power      Damage    Failure   Level
 Poisonous Vapours        Pois/Air       0%         N/A       98%         2
 Mephitic Cloud           Conj/Pois/Air  0%         N/A       100%        3
 Freezing Cloud           Conj/Ice/Air   0%         6-21      100%        5


Dungeon Overview and Level Annotations

Branches:
Dungeon (4/15)
 Temple: D:4-7

Altars:


Innate Abilities, Weirdness & Mutations

A weak demonic guardian rushes to your aid.
You sometimes gain a little power by taking damage.
You have a small tail.


Message History

Your Long Blades skill increases to level 5!
Things that are here:
a +0 dagger; a goblin corpse
v - a sedimented emerald potion You see here 3 stones.
You see here a +0 spear.
Found a stone staircase leading down.
Done exploring.
Done exploring.
There is a stone staircase leading down here.
You climb downwards.
The iguana hisses angrily.
The gnoll shouts!
You hear a shout! x5
There is a stone staircase leading up here.
There are monsters nearby!
You barely miss the iguana. The iguana closely misses you.
You hit the iguana but do no damage. The iguana misses you.
You hit the iguana.
The iguana is moderately wounded.
The iguana completely misses you.
You hit the iguana.
The iguana is heavily wounded.
A gnoll comes into view. It is wielding a +0 halberd.
A gnoll comes into view. It is wielding a +0 whip.
The iguana bites you!
A demonic guardian appears!
You take 12 damage, and have 23/35 hp.
MASSIVE DAMAGE!!
You are too injured to fight recklessly!
You are too injured to fight recklessly!
You slash the iguana!
You tail-slap the iguana, but do no damage.
The iguana is almost dead.
The iguana completely misses you.
You hit the iguana.
You kill the iguana!
The gnoll barely misses you.
You have reached level 5!
Your demonic ancestry asserts itself...
You feel energised by your suffering.
You regained 4 hp, and now have 27/41 hp.
MP restored: 5 Are you sure you want to abandon this character and quit the game? (Confirm with "yes".)

... #.# #g# #g#
##.## # ## ...
..#
.#...##g##.....
#......@5...#
.#...##.#####
... ..# # ####


You could see 3 gnolls and a friendly iron imp (summoned).

Vanquished Creatures
  An iguana (D:4)
  3 adders
  2 worms
  5 dart slugs
  2 orcs (D:3)
  7 endoplasms
  2 giant cockroaches
  8 goblins
  4 hobgoblins
  2 jackals (D:3)
  3 quokkas
  3 ball pythons
  A bat (D:2)
  6 frilled lizards
  6 kobolds
  9 rats
64 creatures vanquished.

Vanquished Creatures (collateral kills)
  An endoplasm (D:1)
1 creature vanquished.

Grand Total: 65 creatures vanquished

Notes
Turn   | Place    | Note
-------+----------+-------------------------------------------
     0 | D:1      | Dirtsage the Demonspawn Monk began the quest for the Orb.
     0 | D:1      | Reached XP level 1. HP: 18/18 MP: 1/1
    49 | D:1      | Reached skill level 3 in Long Blades
    83 | D:1      | Gained mutation: A weak demonic guardian rushes to your
                  | aid. [demonic ancestry]
    83 | D:1      | Reached XP level 2. HP: 24/24 MP: 2/2
   124 | D:1      | Found a faded altar of an unknown god.
   444 | D:1      | Reached XP level 3. HP: 29/29 MP: 3/3
   499 | D:1      | Reached skill level 4 in Long Blades
  1215 | D:2      | Gained mutation: You have a small tail. [demonic ancestry]
  1215 | D:2      | Reached XP level 4. HP: 26/35 MP: 4/4
  2197 | D:3      | Reached skill level 5 in Long Blades
  2348 | D:4      | Gained mutation: You sometimes gain a little power by
                  | taking damage. [demonic ancestry]
  2348 | D:4      | Reached XP level 5. HP: 27/41 MP: 5/5
  2348 | D:4      | Quit the game

Illustrated notes

Levels and vault maps discovered:
D:1:      spicycebolla_green_bress_n_ham, layout_basic,
          shapermc_ecumenical_altar_venn, minmay_tetromino_s2
D:2:      layout_loops_ring, due_unseen_surprise
D:3:      layout_basic
D:4:      layout_loops_ring

Skill      XL: |  1  2  3  4 |
---------------+-------------+-----
Long Blades    | 3 4 5 |  5.2
Fighting       | |  3.0
Dodging        | |  2.6

Action                     |  1- 3 |  4- 6 || total
---------------------------+-------+-------++-------
  Melee: Falchion          |    89 |    27 ||   116
         Long sword        |       |    14 ||    14
         Tailslap          |       |     7 ||     7
 Armour: Robe              |    36 |     3 ||    39
         Scale mail        |       |    16 ||    16
  Dodge: Dodged            |    43 |    19 ||    62

Table legend: (Time is in decaauts)
 A = Elapsed time spent in this place.
 B = Non-inter-level travel time spent in this place.
 C = Inter-level travel time spent in this place.
 D = Time resting spent in this place.
 E = Time spent auto-exploring this place.
 F = Levels seen in this place.
 G = Mean time per level.
                   A        B        C        D        E       F      G
               +--------+--------+--------+--------+--------+-----+--------+
         Total |   2360 |   2245 |    115 |      0 |   1877 |   4 |  590.0 |
       Dungeon |   2360 |   2245 |    115 |      0 |   1877 |   4 |  590.0 |
               +--------+--------+--------+--------+--------+-----+--------+

Top non-repeatable levels by time:
     D:2: 886 daAuts
     D:1: 874 daAuts
     D:3: 591 daAuts
     D:4: 7 daAuts
